 Dungeon Crawl Stone Soup version 0.22-a0-757-gdba82d8 (webtiles) character file.

238 Hebeh the Magician (level 5, -6/28 HPs)
             Began as a Deep Elf Fire Elementalist on July 16, 2018.
             Mangled by an orc warrior
             ... wielding a +0 war axe
              (12 damage)
             ... on level 3 of the Dungeon.
             The game lasted 00:10:16 (3934 turns).

Hebeh the Magician (Deep Elf Fire Elementalist)     Turns: 3934, Time: 00:10:16

Health: -6/28      AC:  3    Str:  5    XL:     5   Next: 78%
Magic:  0/13       EV: 14    Int: 21    God:
Gold:   196        SH:  0    Dex: 15    Spells: 7/13 levels left

rFire    . . .     SeeInvis .   a - +2 dagger (speed)
rCold    . . .     Gourm    .   (no shield)
rNeg     . . .     Faith    .   h - +0 robe
rPois    .         Spirit   .   (no helmet)
rElec    .         Reflect  .   l - +0 cloak
rCorr    .         Harm     .   (no gloves)
MR       .....                  (no boots)
Stlth    +++.......             (no amulet)
HPRegen  0.09/turn              (no ring)
MPRegen  0.13/turn              (no ring)

@: no status effects
A: no striking features
a: no special abilities


You were on level 3 of the Dungeon.
You were hungry.

You visited 1 branch of the dungeon, and saw 3 of its levels.

You collected 196 gold pieces.

Inventory:

Hand Weapons
 a - a +2 dagger of speed (weapon)
Missiles
 e - 20 stones (quivered)
 k - 26 bolts
 m - 21 sling bullets
Armour
 h - a +0 robe (worn)
 l - a +0 cloak (worn)
Jewellery
 r - a +3 ring of protection {unknown}
Scrolls
 b - a scroll of blinking {unknown}
 d - 2 scrolls of identify {unknown}
 j - 5 scrolls of teleportation {unknown}
 o - a scroll of random uselessness {unknown}
 p - a scroll of enchant weapon {unknown}
Potions
 f - a potion of berserk rage {unknown}
 i - a potion of degeneration {unknown}
 n - a potion of brilliance {unknown}
 q - a potion of agility
Comestibles
 c - 5 rations


   Skills:
 + Level 3.9 Dodging
 + Level 4.1 Stealth
 + Level 4.5 Spellcasting
 + Level 2.9 Conjurations
 + Level 4.3 Fire Magic


You had 7 spell levels left.
You knew the following spells:

 Your Spells              Type           Power        Failure   Level  Hunger
a - Flame Tongue          Conj/Fire      ###..        2%          1    None
b - Throw Flame           Conj/Fire      ###...       3%          2    #......
c - Conjure Flame         Conj/Fire      ###.....     8%          3    ##.....

Your spell library contained the following spells:

 Spells                   Type           Power        Failure   Level  Hunger
 Fireball                 Conj/Fire      ###.......   56%         5    ######.
 Sticky Flame             Conj/Fire      ###.....     26%         4    ####...
 Inner Flame              Hex/Fire       ##......     14%         3    ##.....


Dungeon Overview and Level Annotations

Branches:
Dungeon (3/15)

Altars:
Ashenzari
Qazlal


Message History

The orc warrior hits you with a war axe!
Ouch! That really hurt!
You hit the orc warrior.
The orc warrior is almost dead.
The orc warrior hits you with a war axe.
You barely miss the orc warrior.
The orc warrior is almost dead.
You hit the orc warrior but do no damage.
The orc warrior is almost dead.
The orc warrior barely misses you.
You barely miss the orc warrior.
The orc warrior is almost dead.
The orc warrior hits you with a war axe.
* * * LOW HITPOINT WARNING * * *
You barely miss the orc warrior.
The orc warrior is almost dead.
You barely miss the orc warrior.
The orc warrior is almost dead.
The orc warrior hits you with a war axe!
You die...

######## ######### .......
....o.oo# ##.##.# #o#
....#.##########@####
#.#.....#....(......#
....#..>............#
..........######.##.#####
.###..#.#####...........###
.# #.##... ...............#
.# #.#...####.#.#.....#.#.#
.###.#...###....#.....#.#.#
..##.#...##. #..#.....#.#.#


You could see an orc warrior and 2 orcs.

Vanquished Creatures
  An orc priest (D:3)
  Natasha (thrice) (D:3)
  4 adders
  2 oozes
  3 worms (D:2)
  A dart slug (D:2)
  A leopard gecko (D:2)
  6 orcs (D:3)
  2 giant cockroaches (D:2)
  8 goblins
  8 hobgoblins
  6 jackals
  A ball python (D:3)
  8 bats
  5 frilled lizards
  9 kobolds
  5 rats
73 creatures vanquished.

Notes
Turn   | Place    | Note
-------+----------+-------------------------------------------
     0 | D:1      | Hebeh the Deep Elf Fire Elementalist began the quest for the Orb.
     0 | D:1      | Reached XP level 1. HP: 10/10 MP: 6/6
   481 | D:1      | Reached XP level 2. HP: 15/15 MP: 6/8
  1189 | D:2      | Found a shattered altar of Ashenzari.
  1231 | D:2      | Reached XP level 3. HP: 18/19 MP: 3/10
  2014 | D:2      | Reached XP level 4. HP: 24/24 MP: 11/11
  2561 | D:2      | Learned a level 2 spell: Throw Flame
  2565 | D:2      | Learned a level 3 spell: Conjure Flame
  2899 | D:3      | Reached XP level 5. HP: 28/28 MP: 0/13
  3012 | D:3      | Noticed Natasha
  3017 | D:3      | Killed Natasha
  3284 | D:3      | Found a stormy altar of Qazlal.
  3791 | D:3      | Noticed Natasha
  3798 | D:3      | Killed Natasha
  3814 | D:3      | Noticed Natasha
  3830 | D:3      | Killed Natasha
  3912 | D:3      | Noticed an orc warrior
  3934 | D:3      | Mangled by an orc warrior

Vault maps used:
D:1:      dpeg_arrival_court, grunt_decor_mini_mirrors
D:2:      nicolae_overflow_crystal_walls, minmay_heptomino_d4
D:3:      grunt_qazlal_sundering, uniq_natasha

Skill      XL: |  1  2  3  4  5 |
---------------+----------------+-----
Stealth        | 3 4 |  4.1
Dodging        | 3 |  3.9
Conjurations   | 2 |  2.9
Spellcasting   | 4 |  4.5
Fire Magic     | 4 |  4.3

Action                   |  1- 3 |  4- 6 || total
-------------------------+-------+-------++-------
Melee: Dagger            |    29 |    68 ||    97
Throw: Stone             |    14 |     2 ||    16
 Cast: Flame Tongue      |    49 |    44 ||    93
       Throw Flame       |       |    24 ||    24
       Conjure Flame     |       |     2 ||     2
 Stab: Sleeping          |     4 |     2 ||     6
  Eat: Chunk             |     3 |     6 ||     9
Armor: Robe              |     6 |     5 ||    11
Dodge: Dodged            |    18 |    32 ||    50

Table legend:
 A = Spawn XP
 B = Non-spawn XP
 C = Spawn XP percentage of total XP
 D = Spawn monster count
 E = Non-spawn monster count
 F = Spawn count percentage of total count
 G = Total turns spent on level
                    A         B        C        D         E        F      G
               +---------+---------+-------+---------+---------+-------+---------
         Total |       0 |     340 |   0.0 |       0 |      73 |   0.0 |  3934
               +---------+---------+-------+---------+---------+-------+---------
           D:1 |       0 |      21 |   0.0 |       0 |      14 |   0.0 |  1052
           D:2 |       0 |     102 |   0.0 |       0 |      30 |   0.0 |  1532
           D:3 |       0 |     217 |   0.0 |       0 |      29 |   0.0 |  1350
               +---------+---------+-------+---------+---------+-------+---------
